 Dungeon Crawl Stone Soup version 0.27.1-3-gb3d3a73c9e (webtiles) character file.

Game seed: 6539933274417468183

195 styxcanada the Covert (level 5, -2/26 HPs)
             Began as a Spriggan Brigand on Oct 28, 2021.
             Slain by an orc (8 damage)
             ... on level 2 of the Dungeon.
             The game lasted 00:08:05 (1807 turns).

styxcanada the Covert (Spriggan Brigand)            Turns: 1807, Time: 00:08:06

Health: -2/26      AC:  3    Str:  7    XL:     5   Next: 45%
Magic:  8/8        EV: 17    Int: 13    God:
Gold:   63         SH:  0    Dex: 17    Spells: 7/7 levels left

rFire    . . .     SeeInvis +   a - +2 dagger
rCold    . . .     Faith    .   (shield restricted)
rNeg     . . .     Spirit   .   b - +0 robe
rPois    .         Reflect  .   (helmet restricted)
rElec    .         Harm     .   c - +0 cloak
rCorr    .         Rampage  .   (gloves unavailable)
Will     .....                  (boots unavailable)
Stlth    ++++......             (no amulet)
HPRegen  0.08/turn              (no ring)
MPRegen  0.11/turn              (no ring)

@: very quick
A: very small, no large weapons, unfitting armour, see invisible, speed 3
a: no special abilities


You were on level 2 of the Dungeon.
You visited 1 branch of the dungeon, and saw 2 of its levels.

You collected 63 gold pieces.

Inventory:

Hand Weapons
 a - a +2 dagger (weapon)
Missiles
 l - 123 stones (quivered)
 m - 32 sling bullets
Armour
 b - a +0 robe (worn)
 c - a +0 cloak (worn)
Scrolls
 f - a scroll of torment {unknown}
 g - a scroll of amnesia {unknown}
 h - 2 scrolls of teleportation {unknown}
 i - a scroll of noise {unknown}
 j - a scroll of fear {unknown}
 k - a scroll of enchant weapon {unknown}
 n - 2 scrolls of identify {unknown}
 o - a scroll of blinking {unknown}
Potions
 p - a potion of curing {unknown}


   Skills:
 * Level 2.1 Fighting
 + Level 2.9 Short Blades
 + Level 2.5 Throwing
 * Level 2.6 Dodging
 * Level 8.3 Stealth
 * Level 1.5 Spellcasting


You had 7 spell levels left.
You didn't know any spells.
Your spell library contained the following spells:

 Spells                   Type           Power      Damage    Failure   Level
 Sandblast                Erth           2%         2d4       26%         1
 Sublimation of Blood     Necr           0%         N/A       38%         2
 Wereblood                Tmut           1%         N/A       38%         2
 Hailstorm                Conj/Ice       1%         3d3       95%         4
 Leda's Liquefaction      Hex/Erth       0%         N/A       95%         4
 Sticky Flame             Conj/Fire      1%         2d3       95%         4
 Freezing Cloud           Conj/Ice/Air   0%         6-21      100%        5
 Simulacrum               Ice/Necr       0%         N/A       100%        6
 Starburst                Conj/Fire      0%         6d3       100%        6
 Summon Hydra             Summ           0%         N/A       100%        7
 Polar Vortex             Ice            0%         N/A       100%        9


Dungeon Overview and Level Annotations

Branches:
Dungeon (2/15)

Altars:
Makhleb


Innate Abilities, Weirdness & Mutations

You are very small and have problems with some larger weapons.
You are too small for most types of armour.
You have supernaturally acute eyesight. (SInv)
You cover ground extremely quickly. (Speed+++)


Message History

Aim: an orc, wielding a +2 hand axe of freezing and wearing a +0 scale mail (65% to hit)
You throw a poisoned dart.
The poisoned dart closely misses the orc.
Throw: 124 stones
Press: ? - help, Q - select action Shift-Dir - straight line, f/p - orc
Aim: an orc, wielding a +2 hand axe of freezing and wearing a +0 scale mail (65% to hit)
You throw a stone.
The stone hits the orc but does no damage.
You start resting.
An orc is nearby!
You start resting.
Magic restored.
You start resting.
An orc is nearby!
Found a scale mail.
You start resting.
An orc is nearby!
You see here a +0 scale mail.
An orc is nearby!
You start resting.
An orc is nearby!
The orc misses you.
You closely miss the orc. The orc closely misses you.
You hit the orc but do no damage. You hit the orc.
The orc is lightly wounded.
The orc misses you.
You hit the orc but do no damage.
The orc is lightly wounded.
The orc closely misses you.
You hit the orc.
The orc is heavily wounded.
The orc hits you with a +2 hand axe of freezing.
The orc freezes you.
* * * LOW HITPOINT WARNING * * *
The orc shouts!
You hit the orc.
The orc is severely wounded.
The orc hits you with a +2 hand axe of freezing!
You die...

# #.# ##.## #..# # #o# ##.#.##
#..# # #.# ##.###.## ####..# #
#.# ##.## ##.###.....# # #.# #.##
##.##.##.## # #.# #..#
##..##.##.# #
#.#######.#.###.#.##.##.# #
#...o......#.#.##.##.##.# #
###.......#.o@....##.##.######
######.#########.........††......
.............# #####.##.###......
######.#####.# #.##.# #)#####
######.# #.# #.##.###.# .......#
#.#######........# ########
#............##### ##############


You could see an orc.

Vanquished Creatures
  Sigmund (D:2)
  A worm (D:2)
  An orc (D:2)
  A bat (D:1)
  6 endoplasms
  2 hobgoblins
  2 jackals (D:1)
  3 kobolds (D:1)
  2 quokkas (D:2)
  A ball python (D:2)
  A frilled lizard (D:1)
  3 goblins
  5 rats
29 creatures vanquished.

Notes
Turn   | Place    | Note
-------+----------+-------------------------------------------
     0 | D:1      | styxcanada the Spriggan Brigand began the quest for the
                  | Orb.
     0 | D:1      | Reached XP level 1. HP: 10/10 MP: 2/2
     2 | D:1      | Noticed a formicid
     2 | D:1      | Noticed a palentonga
     4 | D:1      | Noticed a demigod
     4 | D:1      | Noticed a ghoul
     6 | D:1      | Noticed a gargoyle
     8 | D:1      | Noticed a dwarf
     8 | D:1      | Noticed a barachi
    10 | D:1      | Noticed a merfolk
    10 | D:1      | Noticed an ogre
    12 | D:1      | Noticed a demonspawn
    12 | D:1      | Noticed a djinni
    14 | D:1      | Noticed a vine stalker
    14 | D:1      | Noticed a draconian
    16 | D:1      | Noticed an octopode
    16 | D:1      | Noticed a spriggan
    18 | D:1      | Noticed a tengu
    18 | D:1      | Noticed a minotaur
    22 | D:1      | Noticed a troll
    22 | D:1      | Noticed a naga
    24 | D:1      | Noticed a vampire
    24 | D:1      | Noticed a human
    26 | D:1      | Noticed a felid
    26 | D:1      | Noticed an elf
    86 | D:1      | Reached skill level 6 in Stealth
   279 | D:1      | Reached XP level 2. HP: 1/14 MP: 3/3
   766 | D:1      | Got Hadee's Catalogue of the Harmful Mountains
  1449 | D:2      | Reached XP level 3. HP: 18/18 MP: 4/4
  1530 | D:2      | Found a faded altar of an unknown god.
  1615 | D:2      | Reached skill level 7 in Stealth
  1629 | D:2      | Found a burning altar of Makhleb.
  1633 | D:2      | Noticed Sigmund
  1645 | D:2      | Killed Sigmund
  1646 | D:2      | Reached skill level 8 in Stealth
  1646 | D:2      | Reached skill level 1 in Spellcasting
  1646 | D:2      | Reached XP level 4. HP: 10/23 MP: 4/7
  1646 | D:2      | Reached XP level 5. HP: 11/26 MP: 4/8
  1807 | D:2      | Slain by an orc

Illustrated notes

Levels and vault maps discovered:
D:1:      kb_arrival_jail, layout_basic, minmay_misc_feat_cross,
          supply_closet_lemuel
D:2:      layout_loops_ring, basic_ecumenical_altar, serial_shops, shop,
          basic_altar, uniq_terence, uniq_sigmund

Skill      XL: |  1  2  3 |
---------------+----------+-----
Stealth        | 6 8 |  8.3
Fighting       | 2 |  2.1
Dodging        | 2 |  2.6
Spellcasting   | 1 |  1.5
Short Blades   | |  2.9
Throwing       | |  2.5

Action                   |  1- 3 |  4- 6 || total
-------------------------+-------+-------++-------
Melee: Dagger            |    60 |     9 ||    69
Throw: Dart              |    19 |     4 ||    23
       Stone             |       |     1 ||     1
 Stab: Sleeping          |    12 |       ||    12
Armor: Robe              |     8 |       ||     8
Dodge: Dodged            |    36 |     7 ||    43
